 Dungeon Crawl Stone Soup version 0.26.0-45-g9c1d065592 (webtiles) character file.

Game seed: 257632866323211887

(classic levelgen) 1057 thiole the Magician (level 8, -2/52 HPs)
             Began as an Octopode Hedge Wizard on Jan 28, 2021.
             Was an Initiate of Gozag.
             Slain by a bullfrog (5 damage)
             ... on level 6 of the Dungeon.
             The game lasted 00:21:08 (8275 turns).

thiole the Magician (Octopode Hedge Wizard)         Turns: 8275, Time: 00:21:09

Health: -2/52      AC:  1    Str: 10    XL:     8   Next: 26%
Magic:  1/15       EV: 13    Int: 18    God:    Gozag
Gold:   434        SH:  0    Dex: 11    Spells: 9/17 levels left

rFire    + . .     SeeInvis .   a - +0 dagger
rCold    . . .     Faith    .   (no shield)
rNeg     . . .     Spirit   .   b - +0 hat
rPois    .         Reflect  .   p - amulet of regeneration
rElec    .         Harm     .   d - ring of protection from fire
rCorr    .         Rampage  .   h - ring of flight
Will     .....                  (no ring)
Stlth    +++.......             (no ring)
HPRegen  0.57/turn              (no ring)
MPRegen  0.14/turn              (no ring)
                                (no ring)
                                (no ring)

@: flying
A: almost no armour, stealthy swim, amphibious, 8 rings, constrict 8, camouflage
1, gelatinous body 1
a: Renounce Religion, Potion Petition, Call Merchant, Bribe Branch


You were on level 6 of the Dungeon.
You worshipped Gozag.
Gozag was aware of your devotion.
You visited 1 branch of the dungeon, and saw 7 of its levels.
You also visited: Sewer.

You collected 493 gold pieces.
You paid 59 gold pieces to Gozag.

Inventory:

Hand Weapons
 a - a +0 dagger (weapon)
Missiles
 i - 181 stones
 l - 25 poisoned darts
Armour
 b - a +0 hat (worn)
Jewellery
 d - a ring of protection from fire (left tentacle)
 h - a ring of flight (right tentacle)
 k - an uncursed amulet of guardian spirit {unknown}
 p - an amulet of regeneration (around mantle)
Scrolls
 e - 2 scrolls of enchant weapon {unknown}
 f - 3 scrolls of remove curse {unknown}
 g - a scroll of teleportation {unknown}
 j - a scroll of enchant armour {unknown}
 m - 2 scrolls of amnesia {unknown}
 n - 2 scrolls of magic mapping
Potions
 c - a potion of brilliance
 q - a potion of flight


   Skills:
 + Level 3.2 Fighting
 - Level 4.0 Short Blades
 - Level 2.0 Dodging
 - Level 4.0 Stealth
 - Level 5.0 Spellcasting
 - Level 3.0 Conjurations
 - Level 2.0 Summonings
 - Level 1.0 Translocations
 - Level 4.0 Air Magic
 - Level 2.0 Poison Magic


You had 9 spell levels left.
You knew the following spells:

 Your Spells              Type           Power        Failure   Level
a - Magic Dart            Conj           60%          3%          1
b - Call Imp              Summ           11%          9%          2
c - Mephitic Cloud        Conj/Pois/Air  15%          12%         3
d - Blink                 Tloc           N/A          13%         2

Your spell library contained the following spells:

 Spells                   Type           Power        Failure   Level
 Slow                     Hex            4%           21%         2
 Conjure Flame            Conj/Fire      9%           22%         3


Dungeon Overview and Level Annotations

Branches:
Dungeon (7/15)              Sewer (visited)
 Temple: D:4-7

Altars:
Ashenzari
Cheibriados
Dithmenos
Gozag
Hepliaklqana
Qazlal
Ru
Trog
Wu Jian
Xom

Shops:
D:5 [

Annotations:
D:2 1 runed translucent door, Crazy Yiuf
D:4 Grinder
D:6 Pikel


Innate Abilities, Weirdness & Mutations

You cannot wear most types of armour.
You are very stealthy in the water. (Stealth+)
You are amphibious.
You can wear up to eight rings at the same time.
You can use your tentacles to constrict eight enemies at once.
Your skin changes colour to match your surroundings (Stealth+).
Your rubbery body absorbs attacks. (AC +1, EV +1)


Message History

Casting: Blink (safe; 13% risk of failure)
Confirm with . or Enter, or press ? or * to list all spells.
You blink.
Your crimson imp hits the orc.
The bullfrog zombie hits you.
* * * LOW HITPOINT WARNING * * *
Casting: Blink (safe; 13% risk of failure)
Confirm with . or Enter, or press ? or * to list all spells.
You blink.
The bullfrog closely misses you. The bullfrog misses you.
Casting: Blink (safe; 13% risk of failure)
Confirm with . or Enter, or press ? or * to list all spells.
A beastly little devil appears in a puff of flame.
The bullfrog misses you. The bullfrog hits you!
* * * LOW HITPOINT WARNING * * *
As you read the scroll labelled BIANIUJOUSM, it crumbles to dust.
You feel aware of your surroundings.
It was a scroll of magic mapping.
The bullfrog hits you.
You die...
Your body crumbles into a pile of gold.

*,* *,,**,,,,,,*,,*,,,,,* *,**
****,,#.,,,**..,,,,,,,*
,,,***,,,.,,.,,,,#..,,,,.#**
*,,,,,,,,..,#.*,....*..#...#
****,,**,#..#.*,...###.....#
,,,*,*****,....,*#.##......###
*,,,,,* ***,..#*#..#..#.....#
**,,*** ##.##.##5....##....#
,,,** #.....@FZ.(........# ,,,,*
##.#####r..........# ,******
**,.#####Z.....#.#####
,***,,*****,,#......r..###.....##
**,*,,,,,,*^....#......###......$
**,,,**,,,,,..,##........#.....[#
,,,****,,,,,,,##r..........J....#
,,,,***,,,,,,.#..........(.#.(.##
.....#*,,,,,.....##.###......J./.


You could see a bullfrog, a bullfrog zombie, a quokka, a rat, a centaur skeleton
and a friendly crimson imp (summoned).

Vanquished Creatures
  Prince Ribbit (D:7)
  Eustachio (D:4)
  A big kobold (Sewer)
  A water moccasin zombie (D:6)
  A scorpion (D:6)
  A hound (D:5)
  2 orc priests
  4 orc wizards
  A centaur skeleton (D:4)
  Natasha (thrice) (D:2)
  A hound zombie (D:5)
  3 adders
  A white imp (D:3)
  A worm (D:3)
  6 dart slugs
  5 leopard geckos
  7 orcs
  8 bats
  6 giant cockroaches
  5 goblins
  9 hobgoblins
  11 jackals
  2 quokkas
  A ball python (D:2)
  3 frilled lizards
  15 kobolds
  9 rats
109 creatures vanquished.

Vanquished Creatures (collateral kills)
  A centaur (D:3)
  Blork the orc (D:5)
  A hound (D:4)
  An orc priest (D:3)
  An adder (D:5)
  A river rat (Sewer)
  An adder zombie (D:5)
  A worm (D:3)
  A ball python (D:6)
  A jackal (D:4)
  2 kobolds (Sewer)
  A rat (Sewer)
13 creatures vanquished.

Vanquished Creatures (others)
  5 dream sheep (D:4)
  2 fungi (D:2)
7 creatures vanquished.

Grand Total: 129 creatures vanquished

Notes
Turn   | Place    | Note
-------+----------+-------------------------------------------
     0 | D:1      | thiole the Octopode Hedge Wizard began the quest for the
                  | Orb.
     0 | D:1      | Reached XP level 1. HP: 11/11 MP: 4/4
    80 | D:1      | Reached XP level 2. HP: 8/17 MP: 1/6
   896 | D:1      | Reached XP level 3. HP: 19/21 MP: 0/7
  1530 | D:1      | Reached skill level 1 in Fighting
  1882 | D:2      | Found a broken altar of Ashenzari.
  2275 | D:2      | Reached XP level 4. HP: 29/29 MP: 5/8
  2295 | D:2      | Noticed Natasha
  2302 | D:2      | Killed Natasha
  2306 | D:2      | Learned a level 2 spell: Call Imp
  2567 | D:2      | Found an ornate altar of the Wu Jian Council.
  2627 | D:2      | Noticed Natasha
  2646 | D:2      | Killed Natasha
  2647 | D:2      | Reached XP level 5. HP: 17/34 MP: 2/9
  2652 | D:2      | Noticed Natasha
  2687 | D:2      | Killed Natasha
  2688 | D:2      | Reached skill level 1 in Short Blades
  2939 | D:2      | Found a runed translucent door.
  2940 | D:2      | Noticed Crazy Yiuf
  3461 | D:3      | Found a hazy altar of Hepliaklqana.
  3729 | D:3      | Noticed a centaur
  4163 | D:3      | Killed a centaur
  4164 | D:3      | Reached XP level 6. HP: 26/39 MP: 2/10
  4299 | D:3      | Found a snail-covered altar of Cheibriados.
  4300 | D:3      | Found an opulent altar of Gozag.
  4300 | D:3      | Found a shadowy altar of Dithmenos.
  4301 | D:3      | Found a bloodstained altar of Trog.
  4640 | D:4      | Learned a level 3 spell: Mephitic Cloud
  4849 | D:3      | Became a worshipper of Gozag Ym Sagoz the Greedy
  4900 | D:4      | You fall into a shaft and drop 1 floor!
  4900 | D:5      | Entered Level 5 of the Dungeon
  4966 | D:5      | Noticed Blork the orc
  5078 | D:4      | Noticed Grinder
  5140 | D:4      | Reached skill level 1 in Air Magic
  5488 | D:4      | Found a sacrificial altar of Ru.
  5769 | D:4      | Noticed a dream sheep
  5769 | D:4      | Noticed a dream sheep
  5769 | D:4      | Noticed a dream sheep
  5769 | D:4      | Noticed a dream sheep
  5769 | D:4      | Noticed a dream sheep
  5769 | D:4      | Found a shimmering altar of Xom.
  5773 | D:4      | Killed a dream sheep
  5773 | D:4      | Killed a dream sheep
  5773 | D:4      | Killed a dream sheep
  5773 | D:4      | Killed a dream sheep
  5773 | D:4      | Killed a dream sheep
  5926 | D:4      | Noticed Eustachio
  5963 | D:4      | Killed Eustachio
  5964 | D:4      | Reached XP level 7. HP: 29/45 MP: 1/11
  7124 | D:5      | Found Vuexes's Armour Shop.
  7247 | D:5      | Killed Blork the orc
  7248 | D:5      | Reached skill level 1 in Poison Magic
  7645 | D:6      | HP: 1/45 [electric eel/bolt of electricity (15)]
  7758 | D:7      | Found a stormy altar of Qazlal.
  7779 | D:7      | Noticed Prince Ribbit
  7801 | D:7      | Killed Prince Ribbit
  7802 | D:7      | Reached skill level 4 in Spellcasting
  7802 | D:7      | Reached XP level 8. HP: 8/50 MP: 6/15
  7866 | D:7      | Reached skill level 5 in Spellcasting
  7877 | D:6      | Noticed Pikel
  7926 | D:6      | Found a glowing drain.
  7950 | Sewer    | Entered a sewer
  8204 | Sewer    | Found a white marble altar of Elyvilon.
  8242 | Sewer    | Learned a level 2 spell: Blink
  8275 | D:6      | Slain by a bullfrog

Illustrated notes

Levels and vault maps discovered:
D:1:      onia_arrival_pyramid, layout_basic
D:2:      layout_rooms, lemuel_round_altar, lemuel_crystal_altar,
          corner_web_ring, st_stairs_8, uniq_natasha, uniq_crazy_yiuf_cottage
D:3:      layout_basic, chequers_temple_overflow_statue_of_worship,
          nzn_hepliaklqana_mist_gate, minmay_fractal_squares_gapless_5
D:4:      layout_basic, kb_xom_exploding_sheep, nicolae_ru_awakened_eye,
          uniq_eustachio, uniq_grinder
D:5:      layout_rooms, serial_shops, shop, uniq_blork_the_orc
D:6:      layout_cave_pools, portal_sewer_entry_a, water_boxes_lemuel,
          uniq_pikel
D:7:      layout_basic, lemuel_temple_firewalk_b,
          nicolae_qazlal_general_emergency, uniq_harold, uniq_maggie,
          uniq_prince_ribbit1

Skill      XL: |  1  2  3  4  5  6  7  8 |
---------------+-------------------------+-----
Conjurations   | 2 3 |  3.0
Fighting       | 1 2 3 |  3.2
Summonings     | 2 |  2.0
Stealth        | 3 4 |  4.0
Short Blades   | 3 4 |  4.0
Air Magic      | 3 4 |  4.0
Poison Magic   | 2 |  2.0
Spellcasting   | 4 5 |  5.0
Dodging        | |  2.0
Translocations | |  1.0

Action                   |  1- 3 |  4- 6 |  7- 9 || total
-------------------------+-------+-------+-------++-------
Melee: Dagger            |    34 |    69 |    82 ||   185
       Tentacles         |     6 |     9 |    13 ||    28
       Constrict         |    11 |    11 |    14 ||    36
 Cast: Magic Dart        |    87 |    96 |    40 ||   223
       Call Imp          |       |    21 |    33 ||    54
       Mephitic Cloud    |       |       |     5 ||     5
       Blink             |       |       |     5 ||     5
  Use: Scroll            |     2 |     1 |     5 ||     8
       Potion            |       |     4 |     3 ||     7
 Stab: Sleeping          |     1 |     2 |     2 ||     5
       Distracted        |       |     1 |       ||     1
       Confused          |       |       |     2 ||     2
Armor: Skin              |     1 |     6 |     5 ||    12
Dodge: Dodged            |    29 |    64 |    93 ||   186
